 Dungeon Crawl Stone Soup version 0.29.1-2-gbd0b4ee654 (webtiles) character file.

Game seed: 2372752478434842534

49 safid the Shooter (level 3, 0/33 HPs)
             Began as a Minotaur Hunter on Oct 26, 2022.
             Killed from afar by Natasha (7 damage)
             ... with a magic dart
             ... on level 2 of the Dungeon.
             The game lasted 00:01:00 (765 turns).

safid the Shooter (Minotaur Hunter)                  Turns: 765, Time: 00:01:00

Health: 0/33       AC:  3    Str: 15    XL:     3   Next: 51%
Magic:  2/2        EV: 12    Int:  6    God:
Gold:   42         SH:  0    Dex: 15    Spells: 2/2 levels left

rFire   . . .      SeeInvis .   a - +0 shortbow
rCold   . . .      Faith    .   (shield currently unavailable)
rNeg    . . .      Spirit   .   c - +0 leather armour
rPois   .          Reflect  .   (helmet restricted)
rElec   .          Harm     .   (no cloak)
rCorr   .          Rampage  .   (no gloves)
Will    .....                   (no boots)
Stlth   +.........              (no amulet)
HPRegen 0.11/turn               (no ring)
MPRegen 0.08/turn               (no ring)

@: slowed, very slow
A: horns 2, retaliatory headbutt
a: no special abilities


You were on level 2 of the Dungeon.
You visited 1 branch of the dungeon, and saw 2 of its levels.

You collected 42 gold pieces.

Inventory:

Hand Weapons
 a - a +0 shortbow (weapon)
Missiles
 d - 2 javelins
Armour
 c - a +0 leather armour (worn)
Jewellery
 h - an amulet of magic regeneration
Scrolls
 b - 4 scrolls of immolation
 e - a scroll of teleportation {unknown}
 f - 4 scrolls of identify {unknown}
Potions
 g - a potion of heal wounds {unknown}


   Skills:
 + Level 3.8 Fighting
 + Level 5.1 Ranged Weapons
 - Level 2.1 Dodging
 - Level 0.7 Stealth


You had 2 spell levels left.
You didn't know any spells.
Your spell library was empty.

Dungeon Overview and Level Annotations

Branches:
Dungeon (2/15)

Altars:

Annotations:
D:2 Natasha


Innate Abilities, Weirdness & Mutations

You have a pair of horns on your head.
You reflexively headbutt those who attack you in melee.


Message History

Natasha is severely wounded.
Natasha drinks a potion.
Natasha is healed!
Natasha claws you!
You shoot an arrow. The arrow hits Natasha.
Natasha is moderately wounded.
Natasha mumbles some strange words.
Natasha claws you!
You are too injured to fight recklessly!
You are too injured to fight recklessly!
You are too injured to fight recklessly!
Unknown command.
Fire: a) +0 shortbow
Press: ? - help, Q - select action, (/) - cycle Shift-Dir - straight line, f/p - Natasha
Aim: Natasha (moderately wounded, 55% to hit)
You shoot an arrow. The arrow hits Natasha.
Natasha is heavily wounded.
Natasha casts a spell.
The crimson imp blinks!
Natasha casts a spell at you. You resist with significant effort.
Unknown command.
Fire: a) +0 shortbow
Press: ? - help, Q - select action, (/) - cycle Shift-Dir - straight line, f/p - Natasha
Aim: Natasha (heavily wounded, 55% to hit)
You shoot an arrow. The arrow closely misses Natasha.
Natasha mumbles some strange words.
Natasha claws you.
* * * LOW HITPOINT WARNING * * *
Unknown command.
Fire: a) +0 shortbow
Press: ? - help, Q - select action, (/) - cycle Shift-Dir - straight line, f/p - Natasha
Aim: Natasha (heavily wounded, 55% to hit)
You shoot an arrow. The arrow hits Natasha.
Natasha is heavily wounded.
The shadow imp hits you.
* * * LOW HITPOINT WARNING * * *
The crimson imp blinks!
Natasha barely misses you. The shadow imp completely misses you.
Natasha casts a spell at you. The magic dart hits you!
You die...

.......#.........
.......#........# .....
##.....#........# ...5.
##....######.....
#....#..........
########....#..........
............#
.ยง.......
............###.5......
...............@h......
................5......
..................#....
..............#...# ...
..............#....# .
.....................
.............#...)#..
............#....#..


You could see Natasha, a crimson imp (summoned) and 2 shadow imps.

Vanquished Creatures
  Natasha (D:2)
  2 ball pythons (D:1)
  2 endoplasms (D:1)
  A giant cockroach (D:1)
  5 goblins
  A hobgoblin (D:1)
  3 jackals (D:1)
  A bat (D:1)
  4 frilled lizards
  2 rats (D:1)
22 creatures vanquished.

Notes
Turn   | Place    | Note
-------+----------+-------------------------------------------
     0 | D:1      | safid the Minotaur Hunter began the quest for the Orb.
     0 | D:1      | Reached XP level 1. HP: 18/18 MP: 0/0
   117 | D:1      | Reached XP level 2. HP: 23/25 MP: 1/1
   381 | D:1      | Found a faded altar of an unknown god.
   522 | D:2      | Noticed Natasha
   526 | D:2      | Noticed a crimson imp
   533 | D:2      | Killed Natasha
   534 | D:2      | Reached skill level 5 in Ranged Weapons
   534 | D:2      | Reached XP level 3. HP: 11/33 MP: 2/2
   753 | D:2      | Noticed Natasha
   765 | D:2      | Killed from afar by Natasha

Illustrated notes

Levels and vault maps discovered:
D:1:      dpeg_arrival_pond, layout_basic, hellmonk_ecumenical_altar_blasted
D:2:      layout_basic, uniq_natasha

Skill      XL: |  1  2 |
---------------+-------+-----
Fighting       | 3 |  3.8
Ranged Weapons | 5 |  5.1
Dodging        | |  2.1
Stealth        | |  0.7

Action                   || total
-------------------------++-------
 Fire: Shortbow          ||    61
Armor: Leather armour    ||    11
Dodge: Dodged            ||    17
